 Dungeon Crawl Stone Soup version 0.20.0-8-g6b59dc7 (webtiles) character file.

57 MTVSty1e the Ruffian (level 3, -5/30 HPs)
             Began as a Draconian Transmuter on June 2, 2017.
             Slain by a gnoll
             ... wielding a +0 halberd
              (9 damage)
             ... on level 2 of the Dungeon.
             The game lasted 00:03:15 (1387 turns).

MTVSty1e the Ruffian (Draconian Transmuter)         Turns: 1387, Time: 00:03:16

Health: -5/30      AC: 10    Str: 13    XL:     3   Next: 73%
Magic:  3/6        EV: 11    Int: 13    God:
Gold:   43         SH:  0    Dex: 11    Spells: 2/6 levels left

rFire    + . .     SeeInvis .     - Unarmed
rCold    . . .     Gourm    .   (no shield)
rNeg     . . .     Faith    .   (armour unavailable)
rPois    .         Spirit   .   (helmet restricted)
rElec    .         Reflect  .   (no cloak)
rCorr    .         Harm     .   i - +0 pair of gloves
MR       .....                  (no boots)
Stlth    +.........             (no amulet)
Regen    0.1/turn               h - +4 ring of protection
MPRegen  0.1/turn               o - ring of protection from fire

@: appendage (expiring), very slightly contaminated, heavily drained
A: unfitting armour, horns 2, cold-blooded, AC +5
a: End Transformation


You were on level 2 of the Dungeon.
You were not hungry.
You had grown temporary horns.
You visited 1 branch of the dungeon, and saw 2 of its levels.

You collected 43 gold pieces.

Inventory:

Missiles
 a - 12 arrows
Armour
 i - a +0 pair of gloves (worn)
Jewellery
 h - a +4 ring of protection (left hand)
 o - a ring of protection from fire (right hand)
Scrolls
 d - a scroll of noise {unknown}
 e - a scroll of remove curse {unknown}
 j - a scroll of fear {unknown}
 k - a scroll of immolation {unknown}
 n - 3 scrolls of identify {unknown}
Potions
 c - a potion of curing {unknown}
 g - a potion of invisibility {unknown}
 m - 3 potions of degeneration {unknown}
Books
 b - a book of Changes

   Spells                             Type                      Level
   a - Beastly Appendage              Transmutation                1
   b - Sticks to Snakes               Transmutation                2
   c - Spider Form                    Transmutation/Poison         3
   d - Ice Form                       Ice/Transmutation            4
   e - Blade Hands                    Transmutation                5
Comestibles
 f - 4 meat rations
 l - 2 fruits


   Skills:
 + Level 2.3(0.8) Fighting
 - Level 1.7(0.3) Dodging
 * Level 4.2(2.7) Unarmed Combat
 - Level 2.0(0.5) Spellcasting
 - Level 2.0(0.5) Transmutations


You had 2 spell levels left.
You knew the following spells:

 Your Spells              Type           Power        Failure   Level  Hunger
a - Beastly Appendage     Tmut           #.....       24%         1    ##.....
b - Spider Form           Tmut/Pois      #.........   63%         3    ####...


Dungeon Overview and Level Annotations

Branches:
Dungeon (2/15)

Altars:
Ru


Innate Abilities, Weirdness & Mutations

Your plain brown scales are hard. (AC +5)
You cannot fit into any form of body armour.
You are cold-blooded and may be slowed by cold attacks.
You have a pair of horns on your head.


Message History

The gnoll is severely wounded.
The gnoll hits you but does no damage.
You hit the gnoll but do no damage.
The gnoll is severely wounded.
The gnoll hits you with a halberd!
* * * LOW HITPOINT WARNING * * *
You completely miss the gnoll.
The gnoll is heavily wounded.
The gnoll barely misses you.
Casting: Beastly Appendage
Confirm with . or Enter, or press ? or * to list all spells.
You miscast Beastly Appendage.
You feel a strange surge of energy! The gnoll closely misses you.
Casting: Beastly Appendage
Confirm with . or Enter, or press ? or * to list all spells.
You grow a pair of large bovine horns.
You barely miss the gnoll.
The gnoll is heavily wounded.
The gnoll hits you with a halberd!
You die...

..##.# ..#
####'###........#
..##.# #..#
#.###.>......#
.....# #.#
#.##.........#
..<### .#
#..††#.......## ..##
..
......##.##...[....#
..# # #####(
#.####....#.. ..#
#..## #....#
#....##. ..#
......########
##.....## ..#
......g@...###
#..[....# ..#
......####...#
#........ ## ...<.
###.###.......# ....
#..........## ...
#####.......# ..
#.......# .
#.......# ##.....##
##...##


You could see a gnoll.

Vanquished Creatures
  2 adders (D:2)
  A worm (D:2)
  A dart slug (D:1)
  A leopard gecko (D:1)
  7 bats
  7 goblins
  3 hobgoblins (D:1)
  3 kobolds (D:2)
  A frilled lizard (D:1)
  5 rats
31 creatures vanquished.

Notes
Turn   | Place    | Note
-------+----------+-------------------------------------------
     0 | D:1      | MTVSty1e the Draconian Transmuter began the quest for the Orb.
     0 | D:1      | Reached XP level 1. HP: 16/16 MP: 3/3
   264 | D:1      | Reached XP level 2. HP: 23/23 MP: 3/5
   850 | D:2      | Found a sacrificial altar of Ru.
  1047 | D:2      | Reached XP level 3. HP: 28/29 MP: 4/6
  1049 | D:2      | Reached skill level 4 in Unarmed Combat
  1070 | D:2      | Learned a level 3 spell: Spider Form
  1387 | D:2      | Slain by a gnoll

Skill      XL: |  1  2  3 |
---------------+----------+-----
Fighting       | 2 |  2.3
Unarmed Combat | 4 |  4.2
Dodging        | |  1.7
Spellcasting   | |  2.0
Transmutations | |  2.0

Action                   || total
-------------------------++-------
Melee: Unarmed           ||   122
       Tailslap          ||    16
       Kick              ||     7
       Punch             ||     1
       Headbutt          ||     3
 Cast: Beastly Appendage ||    25
  Eat: Bread ration      ||     1
Armor: Skin              ||    67
Dodge: Dodged            ||    91
